 Dungeon Crawl Stone Soup version 0.29.1-2-gbd0b4ee654 (webtiles) character file.

Game seed: 10545503115998543967

6 mortz the Trooper (level 1, -1/14 HPs)
             Began as a Gargoyle Monk on Nov 3, 2022.
             Frozen to death by an endoplasm (5 damage)
             ... on level 1 of the Dungeon.
             The game lasted 00:02:09 (170 turns).

mortz the Trooper (Gargoyle Monk)                    Turns: 170, Time: 00:02:10

Health: -1/14      AC: 10    Str: 14    XL:     1   Next: 90%
Magic:  1/1        EV:  6    Int: 10    God:
Gold:   7          SH:  0    Dex: 12    Spells: 0/0 levels left

rFire   . . .      SeeInvis .   a - +0 spear
rCold   . . .      Faith    .   (no shield)
rNeg    + . .      Spirit   .   d - +0 chain mail
rPois   ∞          Reflect  .   (no helmet)
rElec   +          Harm     .   (no cloak)
rCorr   .          Rampage  .   (no gloves)
Will    .....                   (no boots)
Stlth   ..........              (no amulet)
HPRegen 0.04/turn               (no ring)
MPRegen 0.07/turn               (no ring)

@: no status effects
A: sickness immunity, AC +2, negative energy resistance 1, electricity
resistance, torment resistance 1, petrification resistance
a: no special abilities


You were on level 1 of the Dungeon.
You visited 1 branch of the dungeon, and saw 1 of its levels.

You collected 7 gold pieces.

Inventory:

Hand Weapons
 a - a +0 spear (weapon)
Armour
 d - a +0 chain mail (worn)
Scrolls
 b - a scroll of summoning {unknown}
Potions
 c - a potion of ambrosia
 e - a potion of lignification {unknown}


   Skills:
 + Level 3.4 Fighting
 + Level 2.8 Polearms
 + Level 2.5 Dodging
 + Level 2.2 Stealth


You couldn't memorise any spells.
You didn't know any spells.
Your spell library was empty.

Dungeon Overview and Level Annotations

Branches:
Dungeon (1/15) Zot: 5830

Altars:


Innate Abilities, Weirdness & Mutations

You are immune to sickness and miasma.
Your stone body is resilient. (AC +2)
You are immune to poison.
You resist negative energy. (rN+)
You are resistant to electric shocks. (rElec)
You are resistant to unholy torment.
You are immune to petrification.


Message History

The goblin is heavily wounded.
The goblin hits you with a +0 club.
You hit the goblin.
The goblin is severely wounded.
The endoplasm jiggles.
You hit the bat.
The bat is moderately wounded.
Unknown command.
Reach: a) +0 spear
Press: ? - help, Dir - move target, f - bat
Aim: a bat (about 52% to evade your +0 spear)
You reach to attack!
You miss the bat. The goblin hits you with a +0 club.
Reach: a) +0 spear
Press: ? - help, Dir - move target, f/p - bat
Aim: a bat (about 52% to evade your +0 spear)
You reach to attack!
You hit the bat but do no damage.
Reach: a) +0 spear
Press: ? - help, Dir - move target, f/p - bat
Aim: a bat (about 52% to evade your +0 spear)
You reach to attack!
You miss the bat. The goblin closely misses you.
You barely miss the goblin.
The goblin is severely wounded.
You barely miss the goblin.
The goblin is severely wounded.
The goblin completely misses you.
You closely miss the goblin.
The goblin is severely wounded.
You hit the goblin but do no damage.
The goblin is severely wounded.
The bat barely misses you. The goblin hits you with a +0 club.
You hit the goblin.
You kill the goblin!
You barely miss the bat. The bat hits you.
* * * LOW HITPOINT WARNING * * *
You miss the bat. The bat barely misses you.
You miss the bat. The bat completely misses you.
You miss the bat. The bat barely misses you. The endoplasm freezes you.
You are frozen.
You die...

##### .... ....
.... #.#.# #..
.#.... ...
......###.# #
#........#
#.#.#...##.#
.......J@.#
#.#.#..#.######
................
...#............#
#..#...#..#####.#
#..#...#..#
#######..#...#..#
#....##..#...#..##
#....##..#...##..##


You could see an endoplasm.

Vanquished Creatures
  A dart slug (D:1)
  A giant cockroach (D:1)
  2 goblins (D:1)
4 creatures vanquished.

Notes
Turn   | Place    | Note
-------+----------+-------------------------------------------
     0 | D:1      | mortz the Gargoyle Monk began the quest for the Orb.
     0 | D:1      | Reached XP level 1. HP: 14/14 MP: 1/1
   170 | D:1      | Frozen to death by an endoplasm

Illustrated notes

Levels and vault maps discovered:
D:1:      mrwooster_arrival_statue_2, layout_basic,
          shapermc_ecumenical_altar_mp_ritualfount, minmay_pentomino_q4

Action                   || total
-------------------------++-------
Melee: Spear             ||    28
Armor: Chain mail        ||    30
Dodge: Dodged            ||    11
